DBL
SAN DIEGO PADRES @ OAKLAND ATHLETICS
04/27/1997
 
TOP OF THE 1ST
San Diego Padres batting - Pitching for Oakland Athletics : LHP Bobby M Jones
Pitching: LHP Bobby M Jones
Batting: SHB Mark Whiten 0-0: Called Strike
0-1: Called Strike
0-2: Ground out 5-3 (Groundball, 56S, EV 70.0 MPH)
Batting: RHB Craig Grebeck 0-0: Ball
1-0: Ball
2-0: Called Strike
2-1: Ball
3-1: Fly out, F2 (Popup, 23F, EV 81.9 MPH)
Batting: RHB Manny Ramirez 0-0: Called Strike
0-1: DOUBLE (Line Drive, 8LXD, EV 110.6 MPH)
Batting: RHB Jeff Conine 0-0: Ground out 5-3 (Groundball, 56, EV 84.4 MPH)
Top of the 1st over - 0 runs, 1 hit, 0 errors, 1 left on base; San Diego 0 - Oakland 0
BOTTOM OF THE 1ST
Oakland Athletics batting - Pitching for San Diego Padres : RHP Sean Bergman
Pitching: RHP Sean Bergman
Batting: RHB Rickey Henderson 0-0: Ball
1-0: Ball
2-0: Called Strike
2-1: Ground out 5-3 (Groundball, 56S, EV 89.4 MPH)
Batting: LHB John Olerud 0-0: Ball
1-0: Foul Ball, location: 2F
1-1: Ball
2-1: Ball
3-1: Swinging Strike
3-2: Base on Balls
Batting: SHB Geronimo Pena 0-0: Ball
1-0: Foul Ball, location: 2F
1-1: Ball
2-1: Called Strike
2-2: Foul Ball, location: 2F
2-2: Strikes out looking
Batting: RHB Jay Buhner 0-0: Ball
1-0: Ball
Passed Ball!
John Olerud to second
2-0: Foul Ball, location: 2F
2-1: Ball
3-1: Called Strike
3-2: Foul Ball, location: 2F
3-2: Base on Balls
Batting: LHB David Justice 0-0: Ball
1-0: Ball
2-0: Ball
3-0: Called Strike
3-1: Fielders Choice at 2nd, 5-4 (Groundball, 5, EV 80.6 MPH)
Bottom of the 1st over - 0 runs, 0 hits, 0 errors, 2 left on base; San Diego 0 - Oakland 0
TOP OF THE 2ND
San Diego Padres batting - Pitching for Oakland Athletics : LHP Bobby M Jones
Batting: RHB Jose Canseco 0-0: Ball
1-0: Ball
2-0: Called Strike
2-1: SINGLE (Line Drive, 34D, EV 98.8 MPH)
Batting: RHB Wil Cordero 0-0: Ball
1-0: Ball
2-0: Ball
3-0: Base on Balls
Jose Canseco to second
Batting: RHB Jeff Frye 0-0: Grounds into double play, 5-4-3 (Groundball, 56, EV 89.4 MPH)
Jose Canseco to third
Batting: RHB Carlos Quintana 0-0: Ball
1-0: Ball
2-0: Ball
3-0: Base on Balls
Batting: LHB Ed Taubensee 0-0: Fly out, F8 (Flyball, 8LD, EV 93.8 MPH)
Top of the 2nd over - 0 runs, 1 hit, 0 errors, 2 left on base; San Diego 0 - Oakland 0
BOTTOM OF THE 2ND
Oakland Athletics batting - Pitching for San Diego Padres : RHP Sean Bergman
Batting: RHB Benito Santiago 0-0: Foul Ball, location: 2F
0-1: Ground out 5-3 (Groundball, 56, EV 80.0 MPH)
Batting: RHB Herbert Perry 0-0: Called Strike
0-1: Ground out 6-3 (Groundball, 56, EV 98.1 MPH)
Batting: SHB Devon White 0-0: Foul Ball, location: 2F
0-1: Foul Ball, location: 2F
0-2: Ground out U3 (Groundball, 3L, EV 87.5 MPH)
Bottom of the 2nd over - 0 runs, 0 hits, 0 errors, 0 left on base; San Diego 0 - Oakland 0
TOP OF THE 3RD
San Diego Padres batting - Pitching for Oakland Athletics : LHP Bobby M Jones
Batting: SHB Mark Whiten 0-0: Ground out 5-3 (Groundball, 56, EV 81.3 MPH)
Batting: RHB Craig Grebeck 0-0: Called Strike
0-1: SINGLE (Flyball, 7S, EV 91.3 MPH)
Batting: RHB Manny Ramirez 0-0: Ball
1-0: Grounds into double play, 5-4-3 (Groundball, 5L, EV 82.5 MPH)
Top of the 3rd over - 0 runs, 1 hit, 0 errors, 0 left on base; San Diego 0 - Oakland 0
BOTTOM OF THE 3RD
Oakland Athletics batting - Pitching for San Diego Padres : RHP Sean Bergman
Batting: RHB Greg Litton 0-0: Ball
1-0: Called Strike
1-1: Ball
2-1: SINGLE (Line Drive, 7S, EV 95.6 MPH)
Batting: RHB Rickey Henderson 0-0: Ball
1-0: Ball
2-0: Swinging Strike
2-1: Grounds into double play, 4-6-3 (Groundball, 4, EV 106.9 MPH)
Batting: LHB John Olerud 0-0: Fly out, F7 (Flyball, 7, EV 93.1 MPH)
Bottom of the 3rd over - 0 runs, 1 hit, 0 errors, 0 left on base; San Diego 0 - Oakland 0
TOP OF THE 4TH
San Diego Padres batting - Pitching for Oakland Athletics : LHP Bobby M Jones
Batting: RHB Jeff Conine 0-0: Ball
1-0: Ball
2-0: Swinging Strike
2-1: Called Strike
2-2: Strikes out swinging
Batting: RHB Jose Canseco 0-0: Ball
1-0: Ball
2-0: Swinging Strike
2-1: Ball
3-1: SINGLE (Line Drive, 7LS, EV 102.5 MPH)
Batting: RHB Wil Cordero 0-0: Called Strike
0-1: Called Strike
Jose Canseco steals 2nd base
0-2: Ground out 5-3 (Groundball, 5, EV 105.0 MPH)
Batting: RHB Jeff Frye 0-0: Ball
1-0: Called Strike
1-1: Ball
2-1: Fly out, F3 (Flyball, 3D, EV 75.6 MPH)
Top of the 4th over - 0 runs, 1 hit, 0 errors, 1 left on base; San Diego 0 - Oakland 0
BOTTOM OF THE 4TH
Oakland Athletics batting - Pitching for San Diego Padres : RHP Sean Bergman
Batting: SHB Geronimo Pena 0-0: Ball
1-0: Foul Ball, location: 2F
1-1: SINGLE (Line Drive, 8RS, EV 89.4 MPH)
Batting: RHB Jay Buhner 0-0: Ball
1-0: Called Strike
1-1: Foul Ball, location: 2F
1-2: Ball
2-2: Ball
3-2: Base on Balls
Geronimo Pena to second
Batting: LHB David Justice 0-0: Fielders Choice at 2nd, 6-4 (Groundball, 6, EV 90.6 MPH)
Geronimo Pena to third
Batting: RHB Benito Santiago 0-0: Called Strike
0-1: Ball
David Justice is caught stealing 2nd base 2-4
1-1: Ground out U3 (Groundball, 34, EV 85.6 MPH)
Bottom of the 4th over - 0 runs, 1 hit, 0 errors, 1 left on base; San Diego 0 - Oakland 0
TOP OF THE 5TH
San Diego Padres batting - Pitching for Oakland Athletics : LHP Bobby M Jones
Batting: RHB Carlos Quintana 0-0: Called Strike
0-1: Swinging Strike
0-2: Ball
1-2: Ball
2-2: Strikes out swinging
Batting: LHB Ed Taubensee 0-0: Foul Ball, location: 2F
0-1: DOUBLE (Line Drive, 9LM, EV 110.6 MPH)
Batting: SHB Mark Whiten 0-0: Ball
1-0: Ball
2-0: Foul Ball, location: 2F
2-1: Called Strike
2-2: Ball
Wild Pitch!
Ed Taubensee to third
3-2: Foul Ball, location: 2F
3-2: Foul Ball, location: 2F
3-2: Fly out, F9 (Flyball, 9, EV 87.5 MPH)
Runner from 3rd tags up, OUT at HOME! 9-2
Top of the 5th over - 0 runs, 1 hit, 0 errors, 0 left on base; San Diego 0 - Oakland 0
BOTTOM OF THE 5TH
Oakland Athletics batting - Pitching for San Diego Padres : RHP Sean Bergman
Batting: RHB Herbert Perry 0-0: Ball
1-0: Called Strike
1-1: Ball
2-1: SINGLE (Line Drive, 7S, EV 111.9 MPH)
Batting: SHB Devon White 0-0: Ball
1-0: Foul Ball, location: 2F
1-1: Foul Ball, location: 2F
1-2: Foul Ball, location: 2F
1-2: Fly out, F8 (Flyball, 78D, EV 105.0 MPH)
Batting: RHB Greg Litton 0-0: Fielders Choice at 2nd, 6-4 (Groundball, 6, EV 81.3 MPH)
Batting: RHB Rickey Henderson 0-0: Foul Ball, location: 2F
0-1: Ball
1-1: Foul Ball, location: 2F
1-2: Foul Ball, location: 2F
1-2: Ball
2-2: Foul Ball, location: 2F
2-2: Fly out, F3 (Popup, 3S, EV 90.6 MPH)
Bottom of the 5th over - 0 runs, 1 hit, 0 errors, 1 left on base; San Diego 0 - Oakland 0
TOP OF THE 6TH
San Diego Padres batting - Pitching for Oakland Athletics : LHP Bobby M Jones
Batting: RHB Craig Grebeck 0-0: Called Strike
0-1: Swinging Strike
0-2: Ball
1-2: Foul Ball, location: 2F
1-2: Strikes out swinging
Batting: RHB Manny Ramirez 0-0: Ball
1-0: Foul Ball, location: 2F
1-1: Ball
2-1: Ball
3-1: Foul Ball, location: 2F
3-2: Foul Ball, location: 2F
3-2: Foul Ball, location: 2F
3-2: Fly out, F9 (Flyball, 9S, EV 92.5 MPH)
Batting: RHB Jeff Conine 0-0: Ball
1-0: Ground out 1-3 (Groundball, 13, EV 88.8 MPH)
Top of the 6th over - 0 runs, 0 hits, 0 errors, 0 left on base; San Diego 0 - Oakland 0
BOTTOM OF THE 6TH
Oakland Athletics batting - Pitching for San Diego Padres : RHP Sean Bergman
Batting: LHB John Olerud 0-0: Ball
1-0: Ball
2-0: Foul Ball, location: 2F
2-1: Ball
3-1: Called Strike
3-2: Fly out, F1 (Popup, P, EV 91.9 MPH)
Batting: SHB Geronimo Pena 0-0: Ball
1-0: Ball
2-0: Called Strike
2-1: Foul Ball, location: 2F
2-2: Ball
3-2: SOLO HOME RUN (Flyball, 9D, EV 97.5 MPH), Distance : 359 ft
Batting: RHB Jay Buhner 0-0: Swinging Strike
0-1: Called Strike
0-2: Ball
1-2: Ball
2-2: Fly out, F8 (Flyball, 8LD, EV 106.3 MPH)
Batting: LHB David Justice 0-0: Ball
1-0: Ball
2-0: Ball
3-0: Called Strike
3-1: Called Strike
3-2: Foul Ball, location: 2F
3-2: Strikes out swinging
Bottom of the 6th over - 1 run, 1 hit, 0 errors, 0 left on base; San Diego 0 - Oakland 1
TOP OF THE 7TH
San Diego Padres batting - Pitching for Oakland Athletics : LHP Bobby M Jones
Batting: RHB Jose Canseco 0-0: Ball
1-0: Called Strike
1-1: Foul Ball, location: 2F
1-2: Ball
2-2: Strikes out swinging
Batting: RHB Wil Cordero 0-0: Ball
1-0: Hit by Pitch
Batting: RHB Jeff Frye 0-0: Ball
1-0: Swinging Strike
1-1: Fly out, F6 (Flyball, 56D, EV 80.0 MPH)
Batting: RHB Carlos Quintana 0-0: Called Strike
0-1: Fielders Choice at 2nd, 5-4 (Groundball, 56, EV 100.6 MPH)
Top of the 7th over - 0 runs, 0 hits, 0 errors, 1 left on base; San Diego 0 - Oakland 1
BOTTOM OF THE 7TH
Oakland Athletics batting - Pitching for San Diego Padres : RHP Sean Bergman
Batting: RHB Benito Santiago 0-0: Fly out, F8 (Line Drive, 8RM, EV 89.4 MPH)
Batting: RHB Herbert Perry 0-0: Ball
1-0: SINGLE (Groundball, 3D, EV 97.5 MPH)
Pitching: RHP Rich Loiselle
Batting: SHB Devon White 0-0: Ball
1-0: SINGLE (Line Drive, 78M, EV 108.8 MPH)
Herbert Perry to second
Batting: RHB Greg Litton 0-0: Called Strike
0-1: Grounds into double play, 6-4-3 (Groundball, 6, EV 89.4 MPH)
Bottom of the 7th over - 0 runs, 2 hits, 0 errors, 1 left on base; San Diego 0 - Oakland 1
TOP OF THE 8TH
San Diego Padres batting - Pitching for Oakland Athletics : LHP Bobby M Jones
Batting: LHB Ed Taubensee 0-0: Called Strike
0-1: Ball
1-1: Ball
2-1: Called Strike
2-2: SINGLE (Line Drive, 4D, EV 100.6 MPH)
Batting: SHB Mark Whiten 0-0: Called Strike
0-1: Swinging Strike
0-2: Ball
1-2: Ball
2-2: Strikes out swinging
Batting: RHB Craig Grebeck 0-0: Bunt missed!
0-1: Bunt missed!
0-2: Ball
1-2: SINGLE (Groundball, 34S, EV 92.5 MPH) (infield hit)
Ed Taubensee to second
Batting: RHB Manny Ramirez 0-0: Ball
1-0: Ball
2-0: Called Strike
2-1: Foul Ball, location: 2F
2-2: Foul Ball, location: 2F
2-2: Fly out, F8 (Flyball, 8LD, EV 91.9 MPH)
Batting: RHB Jeff Conine 0-0: Called Strike
0-1: Fly out, F8 (Flyball, 89S, EV 83.1 MPH)
Top of the 8th over - 0 runs, 2 hits, 0 errors, 2 left on base; San Diego 0 - Oakland 1
BOTTOM OF THE 8TH
Oakland Athletics batting - Pitching for San Diego Padres : RHP Rich Loiselle
Batting: RHB Rickey Henderson 0-0: Ball
1-0: Foul Ball, location: 2F
1-1: Ball
2-1: SINGLE (Line Drive, 56D, EV 99.4 MPH)
Batting: LHB John Olerud 0-0: Ball
1-0: Called Strike
1-1: Ball
2-1: Called Strike
2-2: Ball
3-2: Grounds into double play, 6-4-3 (Groundball, 6, EV 82.5 MPH)
Batting: SHB Geronimo Pena 0-0: Swinging Strike
0-1: Swinging Strike
0-2: Strikes out swinging
Bottom of the 8th over - 0 runs, 1 hit, 0 errors, 0 left on base; San Diego 0 - Oakland 1
TOP OF THE 9TH
San Diego Padres batting - Pitching for Oakland Athletics : LHP Bobby M Jones
Pitching: RHP Jason Bere
Pinch Hitting: LHB Jim Edmonds 0-0: Called Strike
0-1: Ball
1-1: Ball
2-1: Foul Ball, location: 2F
2-2: Foul Ball, location: 2F
2-2: Hit by Pitch
Pinch Hitting: SHB Tony Clark 0-0: Ball
1-0: Ball
2-0: Swinging Strike
2-1: Ball
3-1: Foul Ball, location: 2F
3-2: Base on Balls
Jim Edmonds to second
Batting: RHB Jeff Frye 0-0: Bunt missed!
0-1: Bunt missed!
0-2: Ball
1-2: Ball
2-2: Foul Ball, location: 2F
2-2: Fly out, F6 (Popup, 6M, EV 30.6 MPH)
Pinch Hitting: LHB Dave Magadan 0-0: Called Strike
0-1: Foul Ball, location: 2F
0-2: Strikes out swinging
Batting: LHB Ed Taubensee 0-0: Foul Ball, location: 2F
0-1: Ball
1-1: Called Strike
1-2: Ground out 1-3 (Groundball, 34S, EV 85.6 MPH)
Top of the 9th over - 0 runs, 0 hits, 0 errors, 2 left on base; San Diego 0 - Oakland 1
Monday, February 2nd, 2026 - OOTP Baseball 20.8 Build 74